AoeStats
← j-ziel

Arabia

509065997Analyzed
1v1 RM · 8d ago on Sep 25, 2026· 33m 50s· 2 players
Game mode
Random Map
Map size
Tiny (2 player)
Population
200
Speed
Normal
Resources
Standard
Victory
Conquest
Starting age
Dark Age
Ending age
Imperial Age
RankedLock teamsTeams togetherTeam positionsShared explorationLock speedFull tech treeHidden civsTurbo modeCheats
Victory
Defeat
🇩🇪 Poles · Germany
1265
+15
🇩🇪 Portuguese · Germany
1234
-15
j-ziel
7:03 Loom
10:07 Feudal Age
10:07 Man-at-Arms
10:59 Double-Bit Axe
18:13 Padded Archer Armor
23:42 Castle Age
22:05 Scale Mail Armor
22:11 Fletching
22:04 Horse Collar
22:47 Bloodlines
22:40 Arson
23:53 Scale Barding Armor
23:59 Forging
23:50 Gold Mining
25:17 Bow Saw
25:54 Stone Mining
27:25 Town Watch
29:02 Bodkin Arrow
30:34 Chain Barding Armor
onliner98
6:24 Loom
9:55 Feudal Age
14:45 Fletching
18:02 Padded Archer Armor
24:27 Castle Age
23:24 Horse Collar
23:39 Gold Mining
23:39 Double-Bit Axe
24:33 Crossbowman
Connection lost

Rejoining the realm…

Still unreachable

The connection could not be restored.

Session expired

The server has moved on; the page needs a fresh start.